[Event "ITT 1st Parada Jamundi 2022"]
[Site "Jamundi Valle"]
[Date "2022.12.09"]
[Round "7.7"]
[White "Cori Quispe, Kevin Joel"]
[Black "Valdes Martinez, Miguel A."]
[Result "1-0"]
[ECO "B32"]
[WhiteElo "2469"]
[BlackElo "2104"]
[Annotator "TA"]
[PlyCount "119"]
[EventDate "2022.12.05"]
[EventType "swiss"]
[EventCountry "COL"]
[SourceTitle "playchess.com"]
[Source "ChessBase"]
[SourceQuality "1"]
[TimeControl "5400+30"]

1. e4 c5 2. Nf3 Nc6 3. d4 cxd4 4. Nxd4 e5 5. Nb5 d6 6. c4 g6 {[%emt 0:00:24] 6...Be6 is the modern continuation. B32: Sicilian: Löwenthal and Kalashnikov Variations.} 7. N1c3 a6 8. Na3 Be6 {[%emt 0:00:39] White has an edge.} 9. Be3 Bg7 10. Be2 Nf6 11. O-O O-O 12. Qd2 Nd4 13. Bd3 {[%emt 0:00:00] [#]} Nh5 $146 (13... Ng4 {keeps more tension.} 14. Bg5 f6 15. Be3 Nxe3 16. fxe3 Bh6) ({Predecessor:} 13... Rc8 14. f3 Nh5 15. Nd5 Bxd5 16. cxd5 Nf4 17. Bxd4 Nxd3 18. Be3 Nf4 19. g3 Nh5 {1-0 (60) Vergara Jofre,F (2151)-Sort Sererols,J (1985) Barbera del Valles 2022}) 14. Rad1 f5 15. exf5 gxf5 16. f3 Kh8 17. Nc2 (17. Bxd4 $16 {Be3 is the strong threat.} exd4 18. Ne2) 17... Nc6 18. Be2 f4 19. Bf2 Bf5 (19... Rg8 $11) 20. Bd3 $14 Be6 21. Ne4 Rg8 22. Rfe1 Bf8 23. Bf1 Bf5 24. Nb4 {[%emt 0:00:00] Threatens to win with Nxc6.} (24. Nxd6 $2 Bxd6 25. Qxd6 Bxc2 $19) 24... Rg6 (24... Bxe4 $142 25. Rxe4 (25. fxe4 Nxb4 26. Qxb4 Rg7 $11) 25... Qg5) 25. c5 Bxe4 26. Rxe4 dxc5 27. Nxc6 Qxd2 28. Rxd2 Rxc6 29. Rxe5 Ng7 30. Rd7 b5 31. Red5 {[%emt 0:00:00] White has more active pieces.} Rac8 32. Bd3 c4 $2 (32... R8c7 $16 {is a better defense.} 33. Rxc7 Rxc7) 33. Bc2 {[%emt 0:00:00] This pair of bishops is nice.} (33. Be4 $18) 33... c3 $16 34. b3 Re6 {[%emt 0:00:37] aiming for ...Re2.} 35. Kf1 {[%emt 0:00:00] Inhibits Re2.} Rce8 36. Rc7 b4 37. Be4 Rd6 38. Rxd6 Bxd6 39. Rc6 Be5 40. Rxa6 (40. Bc5 $18) 40... Rd8 (40... Ne6 $16 {might work better.}) 41. Rb6 (41. Be1 $18 {is more deadly.}) 41... Rd2 (41... Rd1+ $16 {was worth a try.} 42. Be1 Ra1) 42. Be1 $1 $18 (42. Rxb4 $6 c2 43. Bxc2 Rxc2 $11) 42... Rd1 43. Ke2 (43. Rxb4 c2 44. Bxc2 Rxe1+ $1 45. Kxe1 Bc3+ 46. Ke2 Bxb4 $11) 43... Ra1 44. Ra6 {[%emt 0:00:05] Hoping for Ra8+.} (44. Rxb4 $6 c2 45. Bd2 (45. Bxc2 Rxe1+ 46. Kxe1 Bc3+ 47. Ke2 Bxb4 $11) 45... c1=Q 46. Bxc1 Rxc1 $11) 44... Kg8 45. Bf2 {[%emt 0:00:04] Against Bd4} Kf7 {[%emt 0:00:52] [#]} (45... Ne8 $16) 46. Ra7+ $1 (46. Bxh7 $6 Ne6 $16) 46... Ke6 47. Bc5 (47. Bxh7 Nf5 48. Ra6+ Bd6 $14) 47... Nf5 48. Ra6+ ({Not} 48. Rxh7 Rxa2+ 49. Ke1 Rxg2 50. Bxf5+ (50. Bxb4 $2 {is the wrong capture.} c2 $19) (50. Rh5 $2 Ne3 $19) 50... Kxf5 $17) (48. Bxb4 Nd4+ 49. Kd3 c2 50. Ra6+ (50. Rxh7 $2 c1=Q $19) 50... Kd7 $11) 48... Bd6 $2 (48... Nd6 49. Bxh7 (49. Bxb4 Rg1 $16) 49... Rh1) 49. Bxb4 Nd4+ 50. Kf2 (50. Kd3 $142 Rd1+ 51. Kc4) 50... Rxa2+ (50... Nb5 {keeps fighting.} 51. a4 Ra2+ 52. Kf1 Ra1+ 53. Ke2 Ra2+ 54. Kd1 Ke7 55. Bxd6+ Nxd6) 51. Rxa2 {[%emt 0:00:05] And now Ra6 would win. White is clearly winning.} Bxb4 52. Bxh7 {[%emt 0:00:17][%mdl 4096] Endgame KRB-KBN} Bc5 53. Ke1 {[%emt 0:00:13] Prevents c2.} Bb4 {[%emt 0:00:37] ( -> ...c2+)} 54. Kd1 {[%emt 0:00:10] Prevents c2+.} Kd5 55. Ra8 Nb5 (55... Be7 $142 56. Rc8 Nb5) 56. Rb8 Kc5 57. h4 Nc7 58. Be4 {[%emt 0:00:15] Strongly threatening h5.} Na6 59. Ra8 Nc7 60. Rc8 {[%emt 0:00:10] Weighted Error Value: White=0.24 (precise) /Black=0.38} 1-0

[Event "ITT 1st Parada Jamundi 2022"]
[Site "Jamundi Valle"]
[Date "2022.12.09"]
[Round "7.8"]
[White "Malka, Samuel"]
[Black "Herrera, Juan Sebastian"]
[Result "0-1"]
[ECO "E99"]
[WhiteElo "2265"]
[BlackElo "2297"]
[Annotator "TA"]
[PlyCount "124"]
[EventDate "2022.12.05"]
[EventType "swiss"]
[EventCountry "COL"]
[SourceTitle "playchess.com"]
[Source "ChessBase"]
[SourceQuality "1"]
[TimeControl "5400+30"]

1. d4 Nf6 2. c4 g6 3. Nc3 Bg7 4. e4 d6 5. Be2 O-O 6. Nf3 e5 7. O-O Nc6 8. d5 Ne7 9. Ne1 Nd7 10. Nd3 f5 11. f3 Nf6 12. b4 {[%emt 0:01:31] 12.c5 is setting a new trend. E99: King's Indian: Classical Main Line: 9 Ne1 Nd7 10 f3 f5.} a5 13. bxa5 Rxa5 14. a4 {[%emt 0:00:21] White is slightly better.} b6 15. Bd2 Ra8 {[%emt 0:00:45] [#]} 16. a5 $146 ({Predecessor:} 16. Nf2 Re8 17. Nb5 Bf8 18. a5 c6 19. dxc6 Nxc6 20. Bg5 Kg7 21. exf5 gxf5 22. Bxf6+ Kxf6 {1-0 (29) Mikhalevski,V (2552)-Kraus,O (2363) Jerusalem 2021}) 16... bxa5 17. c5 Rf7 (17... fxe4 $11 18. fxe4 c6) 18. Nb2 f4 (18... dxc5 $16 {was called for.} 19. Be3 Bd7) 19. Nb5 $1 $18 Ne8 20. c6 (20. Bxa5 dxc5 21. d6 Rxa5 22. Rxa5 cxd6 $18) 20... g5 21. Rxa5 Rxa5 22. Bxa5 h5 23. Nd3 Ng6 24. Nf2 {[%emt 0:01:49] Prevents g4.} Bf8 25. Bd2 (25. Na7 $18) 25... Ba6 (25... Bh6 $16 26. Na7 Nh4) 26. Qa4 (26. Nxd6 Bxd6 27. Bxa6 Qa8 $18) 26... Bxb5 27. Qxb5 ({But not} 27. Bxb5 $6 Nf6 28. Be2 g4 29. fxg4 Nh4 $18) 27... Nh4 28. Qb3 Qa8 29. Qc3 Nf6 30. Ra1 {[%emt 0:02:24] Prevents g4.} Qd8 31. g4 hxg4 32. fxg4 ({Much less strong is} 32. Nxg4 $6 Nxg4 33. fxg4 Qb8 $14) 32... Qe8 33. Qa5 Re7 34. Qa8 {[%emt 0:02:39] Against Qb8} (34. Qb4 $142) 34... Qg6 {[%emt 0:00:02] [#]} (34... Qxa8 $142 35. Rxa8 Re8 36. Rxe8 Nxe8) 35. Ra4 $1 $16 Kg7 36. Qb8 Qf7 37. Ba5 (37. Qb3 $18) 37... Kg6 (37... Kg8 $16 38. Rb4 Kg7) 38. Ra3 Kg7 39. Qb1 Qe8 40. Be1 Qg6 41. Rb3 Rf7 (41... Kg8 {keeps fighting.} 42. Ba5 Kh7) 42. Ba6 Re7 43. Qd3 Qe8 {[%emt 0:00:24] [#]} 44. Rb7 $1 Qa8 45. Ba5 (45. Bb4 $16) 45... Ne8 $1 $14 46. Nh3 Kh6 47. Be1 (47. Kh1 $16) 47... Ng6 $2 (47... Nf3+ $1 $11 {and Black stays safe.} 48. Qxf3 Qxa6) 48. Nf2 ({Better is} 48. Qb5 $18 {Rb8 is the strong threat.} Nh4 49. Bxh4 gxh4 50. Kg2) 48... Nh4 $16 49. Nh3 (49. Bc3 $142) 49... Ng6 50. Nf2 (50. Qb5 $142 {Strongly threatening Rb8.} Nh4 51. Bxh4 gxh4 52. Kg2) 50... Nh4 $1 51. Nd1 (51. Qa3 $16) 51... Nf3+ 52. Qxf3 Qxa6 53. h4 Nf6 54. hxg5+ (54. Ne3 $5 Kg6 55. Nf5 $14) 54... Kxg5 55. Nf2 $1 Qa1 {[%emt 0:00:00] Really sharp!} 56. Kf1 Rh7 57. Nh3+ $2 (57. Rb3 $11 {and White has nothing to worry.}) 57... Kg6 $19 58. g5 $2 (58. Nf2 Bh6 59. Rb3) 58... Nh5 {[%emt 0:00:00] ( -> ...Ng3+)} 59. Qg4 (59. Qc3 $142 Qa6+ 60. Kf2) 59... Ng3+ 60. Kf2 Qd4+ {[%emt 0:00:00] Black mates.} 61. Kg2 Qxe4+ (61... Nxe4 $2 62. Qe6+ Kh5 63. Qf5 $18) 62. Qf3 Qxe1 {[%emt 0:00:00] Quite a comeback for Black.   Weighted Error Value: White=0.68/Black=0.22 (precise)} 0-1

[Event "ITT 1st Parada Jamundi 2022"]
[Site "Jamundi Valle"]
[Date "2022.12.09"]
[Round "7.9"]
[White "Arango Arenas, Juan Camilo"]
[Black "Lopez Rayo, Santiago"]
[Result "1/2-1/2"]
[ECO "B76"]
[WhiteElo "2202"]
[BlackElo "2300"]
[Annotator "TA"]
[PlyCount "64"]
[EventDate "2022.12.05"]
[EventType "swiss"]
[EventCountry "COL"]
[SourceTitle "playchess.com"]
[Source "ChessBase"]
[SourceQuality "1"]
[TimeControl "5400+30"]

1. e4 c5 2. Nf3 d6 3. d4 cxd4 4. Nxd4 Nf6 5. Nc3 g6 6. Be3 Bg7 7. f3 O-O 8. Qd2 Nc6 9. O-O-O Bd7 10. h4 h5 11. Bh6 (11. Kb1 $14) 11... Nxd4 $11 {[%emt 0:22:04] B76: Sicilian Dragon: Yugoslav Attack, 9 g4 and 9 0-0-0.} 12. Bxg7 Kxg7 13. Qxd4 {[%emt 0:00:05] [#]} Be6 $146 {[%emt 0:00:14] The position is equal.} ({Predecessor:} 13... Qa5 14. Kb1 Be6 15. g4 hxg4 16. f4 Rac8 17. h5 Rh8 18. f5 gxf5 19. Nd5 Qc5 {0-1 (67) Ohanyan,E (2402)-Dimitrov,A (2269) Chess.com INT 2022}) 14. Nd5 Bxd5 (14... Rc8 {is interesting.} 15. Nxf6 exf6 16. a3 Qc7) 15. exd5 Qc7 16. g4 Rac8 {[%emt 0:01:18][%csl Gc8][%cal Rc7c2] [#]} 17. Rh2 {[%emt 0:00:07] g5 is the strong threat. Active counter play!} hxg4 18. fxg4 {[%emt 0:02:43][%cal Og4g5] Threatens to win with g5!} Qc5 19. g5 Qxd4 20. Rxd4 Nd7 21. Bh3 Rc7 22. Bxd7 Rxd7 {[%emt 0:00:04][%mdl 4096] Endgame KRR-KRR} 23. Re2 Rc8 24. Rde4 Kf8 25. Rf4 Kg7 26. Rfe4 Kf8 27. Rf4 (27. Rf2 $5 ) 27... Kg7 28. Rfe4 Kf8 29. h5 gxh5 {[%emt 0:42:01] White must now prevent ...Kg7.} 30. g6 (30. Rh4 $11) 30... fxg6 $15 {[%emt 0:00:30] [#] Strongly threatening ...Kg7.} 31. Re6 Kg7 {[%emt 0:00:30] And now ...Rf8 would win.} 32. Rg2 Rf8 {[%emt 0:00:30] Weighted Error Value: White=0.19 (very precise) /Black=0.03 (flawless)} ({Black should play} 32... Rh8 $1 $15 33. Rgxg6+ Kf7) 1/2-1/2

[Event "ITT 1st Parada Jamundi 2022"]
[Site "Jamundi Valle"]
[Date "2022.12.09"]
[Round "7.10"]
[White "Mora Munoz, Alejandro"]
[Black "Londono Lopez, Donaldo"]
[Result "1-0"]
[ECO "B90"]
[WhiteElo "1959"]
[BlackElo "2055"]
[Annotator "TA"]
[PlyCount "121"]
[EventDate "2022.12.05"]
[EventType "swiss"]
[EventCountry "COL"]
[SourceTitle "playchess.com"]
[Source "ChessBase"]
[SourceQuality "1"]
[TimeControl "5400+30"]

1. e4 c5 2. Nf3 d6 3. d4 cxd4 4. Nxd4 Nf6 5. Nc3 a6 6. f3 e5 7. Nb3 Be6 8. Be3 Nbd7 9. Qd2 b5 10. a4 b4 {[%emt 0:00:13] B90: Sicilian Najdorf: Unusual White 6th moves, 6 Be3 Ng4 and 6 Be3 e5.} 11. Nd5 Bxd5 12. exd5 Nb6 {[%emt 0:00:08] The position is equal.} 13. Bxb6 Qxb6 14. O-O-O g6 15. Kb1 (15. a5 $5 Qb7 16. g4 $11) 15... Bg7 16. g4 O-O 17. h4 e4 (17... Rfe8 $11) 18. a5 (18. g5 $14 Nh5 19. fxe4 (19. a5 Qa7 $11)) 18... Qc7 $11 19. g5 {[%emt 0:05:37] [#]} (19. Qxb4 exf3 20. g5 Rab8 $15) 19... Nh5 $146 (19... Nd7 $11) ({Predecessor:} 19... Nd7 20. fxe4 Nc5 21. Qe3 Na4 22. Rd4 Bxd4 23. Nxd4 Qxa5 24. Nc6 Qb6 25. Qf4 Nc3+ {½-½ (57) Domanov,D (2392)-Martinez,J (2254) LSS email 2010}) 20. fxe4 (20. Rh3 $14) 20... Ng3 21. Rg1 Nxe4 22. Qxb4 Nc5 23. Qc4 (23. Qa3 $11 {keeps the balance.} Nxb3 24. cxb3 (24. Qxb3 $2 Rfb8 $19)) 23... Rab8 $1 $17 {[%emt 0:06:12] Hoping for ...Rfe8.} 24. h5 Rfc8 25. hxg6 (25. h6 $17 {was forced.} Be5 26. Re1) 25... hxg6 $19 26. Rg3 Qa7 ({Better is} 26... Re8 $19 {White must now prevent ...Re4.} 27. Bg2 Qd8) 27. Qg4 {[%emt 0:04:58] [#]} (27. Qh4 $17) 27... Re8 $1 {[%emt 0:03:07] ...Re4 is the strong threat.} 28. Rf3 Re4 {[%emt 0:03:20] Prevents Qf4.} 29. Qg3 Reb4 (29... Na4 $17 30. Rf4 (30. Qxd6 $2 Nxb2 31. Rc1 Na4 $19) 30... Nxb2) 30. Qxd6 $11 Nxb3 (30... Ne4 {feels hotter.} 31. Qh2 Nxg5 32. Rf2 Ne4) 31. cxb3 {[%emt 0:00:18] Chess con chili.} Rxb3 32. Rxb3 (32. Qxa6 Rxb2+ 33. Kc1 Rb1+ 34. Kd2 R8b2+ 35. Ke1 {[#]} Bc3+ $1 36. Rxc3 Qf2#) 32... Rxb3 33. Rd2 (33. Bxa6 Rxb2+ 34. Ka1 Rb5+) 33... Qe3 34. Rc2 (34. Qd8+ Bf8 35. Rc2 Qe1+ 36. Ka2 Rb4 $17) (34. Re2 $11 Rxb2+ 35. Rxb2 Qe1+ 36. Ka2 Qxa5+ 37. Qa3 Qxd5+ 38. Rb3 (38. Qb3 Qa5+ 39. Qa3 Qd5+ 40. Rb3 Qd2+ 41. Rb2 Qd5+ $11) 38... Qd2+ 39. Rb2 Bxb2 40. Qxb2 Qd5+ 41. Qb3 Qd2+ 42. Qb2 Qd5+ 43. Qb3 Qd2+ 44. Qb2) 34... Be5 $2 (34... Qxg5 35. Bxa6 Qf5 36. Qd8+ Kh7 37. Qh4+ Kg8 38. Qd8+ Kh7 39. Qh4+ Kg8 40. Qd8+ $11) (34... Qe4 35. Qb6 Rxb6 36. axb6 Qe1+ 37. Ka2 Qxf1) 35. Qxa6 $2 (35. Qe7 Qe4 36. Bd3 Rxb2+ 37. Rxb2 Qxd3+ 38. Ka2 Qxd5+ 39. Kb1) 35... Qe1+ $2 (35... Qe4 $19 36. Bd3 Rxd3) 36. Ka2 Qb4 (36... Rb4 $1 $11 37. Qc6 Rb8) 37. Qe2 $16 {[%emt 0:00:55] Black is now going downhill.} Qa4+ (37... Bxb2 $16 {was necessary.} 38. Rxb2 Rxb2+ 39. Qxb2 Qxa5+ 40. Kb1 Qe1+ 41. Qc1 Qe4+ 42. Kb2 Qb4+ 43. Kc2 Qc5+ 44. Kb1 Qb4+ 45. Kc2 (45. Qb2 Qe4+ 46. Qc2 Qb4+ 47. Ka2 Qa5+ 48. Kb3 Qxd5+ 49. Bc4 Qxg5 $14) 45... Qc5+ 46. Kd2 Qxd5+ 47. Ke2 Qe5+ 48. Kf3 Kg7) 38. Kb1 $18 Bd4 $2 (38... Qd4 {keeps fighting.} 39. a6 (39. Rc8+ Kg7 $11) 39... Re3) 39. Rc4 Rb4 40. Rxb4 Qxb4 {[%emt 0:00:01][%mdl 4096] Endgame KQB-KQB} 41. a6 Kg7 42. Qb5 {[%emt 0:01:23] Inhibits f6.} Qe1+ (42... Qe7 {might work better.} 43. Qc4 Qe1+ 44. Kc2 Qe4+ 45. Bd3 Qg2+ 46. Be2 Qe4+ 47. Kb3 Qe5) 43. Ka2 Qe5 44. Qb7 {[%emt 0:01:03] Strongly threatening Bc4.} Qe1 (44... Bc5 $142 45. Bc4 (45. a7 Bxa7 46. Qxa7 Qxd5+ 47. b3 Qd2+ 48. Ka3 Qc1+ 49. Ka2 Qd2+ 50. Kb1 Qd1+ 51. Kb2 Qd2+ 52. Kb1 Qd1+ 53. Kb2 Qd2+ 54. Kb1 $11) 45... Qd4) 45. Bc4 Qc1 {[%emt 0:01:03] Prevents d6.} 46. Qb4 {[%emt 0:00:54] Threatens to win with d6.} Qxg5 47. d6 Qe5 (47... Qd8 $142 48. Qb7 Qxd6) 48. d7 Qc7 {[%emt 0:00:20] Inhibits d8Q.} 49. Qb5 Bc5 50. Kb3 (50. d8=Q $142 Qxd8 51. Qxc5) 50... Bd4 51. Ka4 {[%emt 0:00:53] And now Qd5 would win.} f5 52. Qd5 Bf6 53. Qf7+ Kh6 54. Qxf6 {[%emt 0:00:04] Qh4+ would kill now.} Qxc4+ {[%emt 0:00:11] KQ-KQ} 55. b4 Qc2+ 56. Ka5 Qc7+ 57. Qb6 Qxd7 58. a7 Qd5+ 59. Ka6 f4 60. Qc5 (60. Qf6 $142 Qa2+ 61. Kb6 Qf2+ 62. Kb7 Qe3 63. Qh8+ (63. a8=B Qe4+ 64. Kb8 Qxb4+ 65. Kc7 Qa5+ 66. Kb7 Qb5+ 67. Kc8 Qe8+ 68. Kb7 Qb5+ 69. Kc8 Qe8+ 70. Kb7 Qb5+ $11) 63... Kg5 64. a8=Q (64. a8=B f3 $11) 64... Qe7+ 65. Ka6) 60... Qe4 61. Qf8+ {[%emt 0:00:15] Weighted Error Value: White=0.36/Black=0.93} 1-0

[Event "ITT 1st Parada Jamundi 2022"]
[Site "Jamundi Valle"]
[Date "2022.12.09"]
[Round "7.11"]
[White "Mateus, Alejandro"]
[Black "Lopez Rayo, Isabella"]
[Result "1-0"]
[ECO "B76"]
[WhiteElo "2308"]
[BlackElo "1898"]
[Annotator "TA"]
[PlyCount "71"]
[EventDate "2022.12.05"]
[EventType "swiss"]
[EventCountry "COL"]
[SourceTitle "playchess.com"]
[Source "ChessBase"]
[SourceQuality "1"]
[TimeControl "5400+30"]

1. e4 c5 2. Nf3 d6 3. d4 cxd4 4. Nxd4 Nf6 5. Nc3 g6 6. Be3 Bg7 7. f3 O-O 8. Qd2 Nc6 9. O-O-O d5 10. Kb1 Nxd4 11. e5 (11. Qxd4 {[#]} Nxe4 $1 12. Qxd5 Nxc3+ 13. bxc3 Qxd5 14. Rxd5 Bxc3 $17) (11. Bxd4 {simplifies} dxe4 12. fxe4 Be6 13. Be2) 11... Ne4 {[%emt 0:15:40] B76: Sicilian Dragon: Yugoslav Attack, 9 g4 and 9 0-0-0.} 12. fxe4 $14 (12. Qxd4 Nxc3+ 13. Qxc3 Bf5 $11) 12... Nc6 {[%emt 0:01:06] [#]} 13. Nxd5 $146 ({Of course not} 13. Qxd5 Qc7 $11) (13. exd5 {simplifies} Nxe5 14. Be2 a6 15. Rhf1) ({Predecessor:} 13. exd5 Nxe5 14. Bh6 Bxh6 15. Qxh6 Bf5 16. h3 Rc8 17. Qe3 Nc4 18. Bxc4 Rxc4 19. g4 {0-1 (30) Brajovic,R (2390)-Brankovic,D (2345) Niska Banja 1996}) 13... Bg4 {[%emt 0:10:48] Inhibits h4. White is slightly better.} 14. Be2 Bxe2 15. Qxe2 Qa5 (15... Qb8 $142) 16. Bf4 {[%emt 0:07:09] White is more active.} e6 (16... Rae8 $142) 17. Bd2 $16 Qa4 18. Nf6+ Kh8 19. Bc3 b5 (19... Rfd8 $142 20. h4 h6) 20. b3 $18 Qa6 21. h4 {[%emt 0:03:42] h5 is the strong threat.} h6 $2 (21... Bxf6 22. exf6 Qb6) 22. h5 (22. a4 $142) 22... g5 (22... Bxf6 $142 23. exf6 g5) 23. Nd7 {[%emt 0:07:14] Threatens to win with a4.} Rfe8 24. a4 Qc8 25. Qxb5 ({Don't play} 25. axb5 $6 Nb8 $16) 25... a6 26. Qf1 Nd8 $2 (26... Nb8 {is a better defense.}) 27. Rh3 {[%emt 0:03:14][%cal Bh1h3,Bh3d3,Bd3c3,Bc3c8][%mdl 32] And now Nb6 would win.} Qc6 {[%emt 0:01:24] Inhibits Nb6.} 28. Nf6 Re7 29. Rhd3 Nb7 30. Bb4 Rc7 31. Rc3 Qb6 32. Nd7 Rxd7 33. Rxd7 Qxb4 34. Qxf7 {[%emt 0:00:40][%csl Gd7][%cal Rf7g7] White mates.} Rg8 {[%emt 0:00:09] [#]} 35. Rc8 $3 Qe1+ 36. Ka2 {[%emt 0:00:06] Black did not feel at home in the position after the opening.   Weighted Error Value: White=0.31/Black=0.77} 1-0

[Event "ITT 1st Parada Jamundi 2022"]
[Site "Jamundi Valle"]
[Date "2022.12.09"]
[Round "7.12"]
[White "Gonzalez Velasco, Leandro"]
[Black "Larino Nieto, David"]
[Result "1/2-1/2"]
[ECO "B07"]
[WhiteElo "1915"]
[BlackElo "2466"]
[Annotator "TA"]
[PlyCount "166"]
[EventDate "2022.12.05"]
[EventType "swiss"]
[EventCountry "COL"]
[SourceTitle "playchess.com"]
[Source "ChessBase"]
[SourceQuality "1"]
[TimeControl "5400+30"]

1. e4 d6 2. d4 Nf6 3. Nc3 e5 4. dxe5 dxe5 5. Qxd8+ Kxd8 6. Bd2 Bd6 7. Bc4 Be6 8. Bxe6 fxe6 9. f3 {[%emt 0:00:33] B07: Pirc Defence: Miscellaneous Systems.} Ke7 {[%emt 0:00:10] [#]} 10. Nb5 $146 ({Predecessor:} 10. Nge2 Nc6 11. O-O-O a6 12. Be3 b5 13. Kb1 Na5 14. b3 c5 15. Rd2 Nc6 16. Rhd1 {½-½ (23) Bass,J (2003)-Gardiner,E (1925) Torquay 2018}) 10... Nc6 11. O-O-O {[%emt 0:05:33] White has an edge.} a6 12. Nxd6 cxd6 13. Ne2 b5 14. Be3 Rhc8 15. Rd2 Na5 16. b3 {[%emt 0:00:24] Inhibits Nc4.} Rc6 17. Rhd1 Rac8 18. Kb2 b4 (18... Nb7 $11) 19. Rc1 d5 ({Black should try} 19... h6 $14) 20. exd5 $1 $16 exd5 21. Bg5 (21. f4 $1 $16 ) 21... Ke6 (21... Rc5 $1 $14) 22. Re1 $1 $18 {[%emt 0:09:57] Nd4+ is the strong threat.} Kd6 (22... Kf7 $16) 23. Ng3 h6 24. Bxf6 (24. Nf5+ $142 Kd7 25. Bh4 (25. Bxf6 gxf6 26. f4 Ke6 $16)) 24... gxf6 25. Nf5+ Kd7 26. Nxh6 (26. Rxd5+ $6 Ke6 $16) (26. f4 $1 $18 ) 26... Ke6 27. g4 Nb7 (27... Rc3 $16 {is a better defense.}) 28. Nf5 (28. g5 $1 $18) 28... Rc3 $16 29. h4 Nd6 {[%emt 0:00:13] [#]} 30. Nxd6 Kxd6 {[%emt 0:00:03][%mdl 4096] Endgame KRR-KRR} 31. Rf1 a5 32. h5 a4 (32... Rg8 $142) 33. Rff2 (33. bxa4 $16 Ra8 34. f4) 33... a3+ $14 34. Kc1 d4 35. Kd1 Ke6 (35... Rg8 $14) 36. Ke1 (36. Rd3 $16) 36... Kd5 $11 37. Kf1 Rg8 38. Rd3 {[%emt 0:00:39] And now Rxc3 would win.} Rc7 39. Rg2 Rcg7 (39... Rgc8 $11) 40. Rdd2 $14 Rh7 41. Rh2 f5 ({Black should play} 41... Rc7 $14) 42. Rdg2 $16 {[%emt 0:01:00] Strongly threatening g5.} (42. gxf5 $6 Rgh8 $11) 42... fxg4 43. Rxg4 ({White has to play} 43. fxg4 $16 {aiming for g5.} Rf7+ 44. Kg1) 43... Rgh8 44. Rg5 {[%emt 0:00:20] Threatens to win with Re2.} Ke6 $2 (44... Rf7 $11) 45. Re2 $18 Rc7 46. Rgxe5+ Kf6 47. Rd5 Rg7 $2 (47... Rhc8 {was worth a try.} 48. Rxd4 Rxc2 49. Rxb4 Rxe2 50. Kxe2 Rc2+ 51. Ke3 Rxa2) 48. Rxd4 Rxh5 49. Rf4+ Rf5 50. Rxf5+ ({Much less strong is} 50. Rxb4 Rxf3+ 51. Rf2 Rxf2+ 52. Kxf2 Rh7 $18) 50... Kxf5 {[%emt 0:00:02] KR-KR} 51. Re4 Rh7 $2 (51... Rc7 {was called for.} 52. Rc4 (52. Rxb4 Rxc2 53. Ra4 Rxa2 $11) 52... Rb7) 52. Rxb4 Rh1+ 53. Ke2 Ra1 54. Ra4 Rxa2 55. Kd3 Ra1 56. Kc3 (56. Kc4 $142 Ke5 57. b4) 56... Ke5 57. Kb4 a2 58. Kc3 Kd5 59. Kb2 Rf1 60. Rxa2 Rxf3 61. Ra4 Kc5 62. Rh4 (62. Rg4 $142 Rf2 63. Rc4+ Kb5 64. Ka3 Rg2 65. Rc8 Rg3 66. c4+ Kb6 67. Ka4) 62... Rf5 63. b4+ Kb5 64. Kb3 Rf3+ 65. c3 Rg3 66. Rh5+ Kb6 67. Rd5 Rh3 68. Kc4 Rh4+ 69. Rd4 Rh6 70. Rg4 Rf6 71. b5 Ka5 72. Rg5 Rf8 {[%emt 0:01:32] [#]} 73. Rd5 $1 Rh8 74. Kc5 Rc8+ 75. Kd4 Rh8 76. c4 Kb4 77. b6 $2 (77. Rd7 $18 {Threatening mate with b6.} Rh6 78. Kd5 Rh5+ 79. Kc6 Rc5+ 80. Kd6) 77... Rh4+ $11 {[%emt 0:00:05] The position is equal.} 78. Ke5 {[%emt 0:00:28] b7 would kill now.} (78. Kd3 $5 Rh3+ $8 79. Ke4 Kxc4 80. Re5 $11 (80. Rd4+ Kc5 $11)) 78... Kxc4 79. Rd1 (79. b7 $5 Rh5+ $8 80. Kf4 $11) 79... Kc5 80. Rb1 {[%emt 0:00:29] Intending b7 and mate.} (80. b7 $5 Rh8 $8 81. Rc1+ Kb6 82. Rg1 $11 (82. Rb1+ Ka7 $11)) 80... Rh8 81. b7 Rb8 82. Ke6 $1 {[%emt 0:00:28] White wants to mate with Kd7.} Kc6 83. Kf5 Kd5 {Black escapes into a draw.   Weighted Error Value: White=0.27 (precise) /Black=0.50} 1/2-1/2

[Event "ITT 1st Parada Jamundi 2022"]
[Site "Jamundi Valle"]
[Date "2022.12.09"]
[Round "7.13"]
[White "Pazos Gambarrotti, Plinio"]
[Black "Mogollon Tobar, Nicolle Julieth"]
[Result "1/2-1/2"]
[ECO "A52"]
[WhiteElo "2083"]
[BlackElo "1840"]
[Annotator "TA"]
[PlyCount "92"]
[EventDate "2022.12.05"]
[EventType "swiss"]
[EventCountry "COL"]
[SourceTitle "playchess.com"]
[Source "ChessBase"]
[SourceQuality "1"]
[TimeControl "5400+30"]

1. d4 Nf6 2. c4 e5 3. dxe5 Ng4 4. Bf4 g5 5. Bg3 Bg7 6. Nf3 Nc6 7. h4 h6 {[%emt 0:02:43] A52: Budapest Gambit.} 8. Nbd2 ({White should play} 8. Qc2 $16) 8... Ngxe5 9. Nxe5 Nxe5 10. e3 {[%emt 0:00:20] [#]} Qe7 $146 ({Predecessor:} 10... d6 11. hxg5 hxg5 12. Rxh8+ Bxh8 13. Qh5 Bg7 14. Ne4 Bf5 15. Qxg5 Qxg5 16. Nxg5 Bf6 {1-0 (59) Tirto (2418)-Yap,K (2337) Manila 2007}) 11. hxg5 hxg5 12. Rxh8+ Bxh8 13. Qh5 {[%emt 0:00:13] Prevents d6.} Bg7 14. Qh7 Bf8 (14... Kf8 $1 $11 {keeps the balance.}) 15. O-O-O $16 {[%emt 0:01:07] Black must now prevent Ne4.} d6 16. f4 (16. Ne4 $16) 16... Ng4 $11 17. fxg5 Qxg5 18. Bf4 Qf5 19. Qh4 Be6 20. Nf3 Qc5 (20... Ne5 $11) 21. Nd4 $1 $16 {[%emt 0:01:27] Strongly threatening Nxe6.} Bxc4 (21... Bd7 $16) 22. Kb1 $2 (22. b4 $1 $18 Qxb4 23. Nc2 (23. Qxg4 $2 {loses.} Bxf1 24. Nc2 Qb5 $19)) 22... Bxf1 23. Rxf1 Ne5 24. Rc1 Qb6 25. Bxe5 dxe5 26. Qe4 Bd6 {[%emt 0:03:20] [#]} (26... O-O-O $11 27. Qf5+ Kb8 28. Qxe5 Qg6+ 29. Nf5 Bd6) 27. Nf3 {[%emt 0:01:53] White is more active.} (27. Ne6 $1 $16) 27... O-O-O $11 28. Nxe5 Bxe5 29. Qxe5 {[%emt 0:00:02][%mdl 4096] Endgame KQR-KQR} Qg6+ (29... Qd6 {simplifies} 30. Qf5+ Qd7 31. Qxd7+ Rxd7 32. Rf1 Kd8) 30. Ka1 {[%emt 0:00:14] [#]} (30. e4 $11 {remains equal.} Qd6 31. Qf5+ Rd7 32. a3) 30... c6 (30... Qxg2 $2 31. Qxc7#) (30... Qc2 $1 $17 31. Rb1 Qxg2) 31. Qf4 Qxg2 32. Qxf7 {[%emt 0:00:18] The position is equal.} Qe4 33. Qf4 Re8 34. Qxe4 Rxe4 {[%emt 0:00:04] KR-KR} 35. Re1 Kd7 36. Kb1 Kd6 37. Kc2 Re7 38. Kd3 Ke5 39. Rh1 Rd7+ 40. Ke2 Rg7 41. Rh5+ Ke4 {[%emt 0:00:14] And now ...Rg2+ would win.} 42. Rh4+ Ke5 43. Kd3 Rg2 44. Rh5+ Ke6 45. Kc3 Re2 46. Rh7 b6 {[%emt 0:28:36] Weighted Error Value: White=0.20 (precise) /Black=0.24 (precise)} 1/2-1/2